AoeStats
← MIGAPULS94

Arena

505756706Analyzed
3v3 RM · 22d ago on Sep 10, 2026· 75m 40s· 6 players
Game mode
Random Map
Map size
Normal (6 player)
Population
200
Speed
Normal
Resources
Standard
Victory
Conquest
Starting age
Dark Age
Ending age
Imperial Age
RankedLock teamsTeams togetherTeam positionsShared explorationLock speedFull tech treeHidden civsTurbo modeCheats
Victory
Defeat
🇺🇸 Wei · United States
604
+11
🇳🇱 Celts · Netherlands
496
+15
🇦🇷 Turks · Argentina
291
+23
🇧🇴 Khmer · Bolivia
484
-17
🇺🇸 Goths · United States
466
-16
🇧🇷 Teutons · Brazil
465
-16
FreshlySqueezed
0:38 Loom
11:00 Feudal Age
15:11 Double-Bit Axe
15:21 Stone Mining
17:36 Wheelbarrow
19:03 Horse Collar
22:41 Castle Age
25:04 Squires
25:11 Anarchy
26:44 Gold Mining
29:01 Heavy Plow
34:43 Stone Shaft Mining
36:10 Forging
36:00 Scale Mail Armor
39:35 Ballistics
40:44 Hand Cart
42:40 Iron Casting
42:21 Chain Mail Armor
45:39 Imperial Age
45:47 Elite Huskarl
CapitãO_PreSenÇa
5:01 Loom
12:50 Feudal Age
14:24 Wheelbarrow
13:38 Double-Bit Axe
14:01 Town Watch
15:10 Stone Mining
15:53 Gold Mining
18:44 Horse Collar
26:00 Forging
25:51 Scale Mail Armor
25:14 Man-at-Arms
25:41 Arson
29:55 Castle Age
30:11 Castle Age
31:23 Long Swordsman
31:49 Gambesons
32:05 Squires
32:21 Chain Mail Armor
32:43 Iron Casting
33:23 Hand Cart
33:13 Heavy Plow
33:26 Bow Saw
33:58 Stone Shaft Mining
34:08 Masonry
34:09 Fortified Wall
36:06 Caravan
36:38 Coinage
37:16 Pikeman
38:58 Ironclad
38:51 Fletching
42:30 Imperial Age
43:53 Conscription
44:47 Banking
44:41 Capped Ram
45:30 Siege Engineers
46:26 Chemistry
46:27 Hoardings
47:04 Plate Mail Armor
47:15 Guilds
48:22 Blast Furnace
47:19 Bodkin Arrow
El Messias
1:15 Loom
13:31 Feudal Age
14:46 Double-Bit Axe
16:48 Wheelbarrow
18:19 Gold Mining
18:56 Bloodlines
23:18 Castle Age
23:45 Scale Barding Armor
23:51 Forging
25:44 Chain Barding Armor
26:00 Iron Casting
26:09 Bow Saw
27:59 Light Cavalry
28:39 Husbandry
29:42 Stone Mining
32:15 Padded Archer Armor
32:06 Fletching
32:44 Ballistics
33:41 Stone Shaft Mining
33:56 Tusk Swords
35:08 Fortified Wall
34:56 Bodkin Arrow
35:16 Leather Archer Armor
38:42 Gold Shaft Mining
38:57 Hand Cart
41:12 Imperial Age
38:28 Town Watch
39:08 Caravan
39:47 Scale Mail Armor
42:38 Hoardings
41:33 Sappers
42:24 Conscription
42:54 Elite Ballista Elephant
43:36 Double Crossbow
43:03 Crossbowman
44:30 Siege Engineers
45:26 Chemistry
44:40 Elite Skirmisher
48:57 Plate Barding Armor
49:24 Blast Furnace
48:24 Bracer
48:55 Ring Archer Armor
48:41 Chain Mail Armor
56:41 Hussar
58:39 Cavalier
58:57 Pikeman
59:23 Arson
69:51 Murder Holes
70:07 Masonry
Tepisooo
11:31 Feudal Age
17:34 Castle Age
16:12 Scale Barding Armor
16:01 Double-Bit Axe
20:10 Horse Collar
22:50 Heavy Plow
27:03 Padded Archer Armor
27:12 Scale Mail Armor
29:24 Chain Barding Armor
29:21 Leather Archer Armor
39:37 Imperial Age
37:47 Wheelbarrow
40:00 Bow Saw
44:09 Ming Guang Armor
43:38 Elite Tiger Cavalry
43:54 Heavy Scorpion
49:39 Chemistry
50:08 Ring Archer Armor
59:49 Onager
60:55 Ballistics
64:20 Caravan
64:51 Coinage
66:47 Banking
66:42 Bloodlines
66:33 Husbandry
filali-777
10:47 Feudal Age
12:06 Wheelbarrow
11:26 Double-Bit Axe
12:00 Horse Collar
15:35 Fletching
16:44 Gold Mining
17:23 Man-at-Arms
23:09 Castle Age
22:31 Forging
22:22 Padded Archer Armor
22:25 Scale Mail Armor
24:42 Heavy Plow
25:30 Gold Shaft Mining
25:52 Hand Cart
25:30 Crossbowman
27:00 Loom
27:30 Stone Mining
28:03 Bodkin Arrow
27:37 Long Swordsman
28:57 Bow Saw
29:43 Masonry
29:25 Guard Tower
30:29 Stone Shaft Mining
30:55 Gambesons
31:21 Scale Barding Armor
31:52 Husbandry
34:18 Treadmill Crane
34:58 Fortified Wall
37:04 Iron Casting
36:46 Leather Archer Armor
37:12 Pikeman
38:50 Chain Mail Armor
46:12 Imperial Age
46:05 Chain Barding Armor
50:37 Cavalier
51:28 Halberdier
52:33 Capped Ram
55:04 Hoardings
57:37 Plate Mail Armor
57:59 Two-Handed Swordsman
63:02 Arson
68:53 Onager
MIGAPULS94
14:18 Feudal Age
15:35 Wheelbarrow
15:49 Horse Collar
15:59 Double-Bit Axe
17:29 Gold Mining
23:33 Castle Age
22:35 Stone Mining
24:43 Hand Cart
25:06 Heavy Plow
25:20 Bow Saw
29:27 Caravan
32:27 Sipahi
33:30 Gold Shaft Mining
34:53 Guard Tower
35:02 Murder Holes
35:42 Masonry
35:16 Treadmill Crane
40:08 Imperial Age
38:10 Ballistics
38:11 Fortified Wall
40:52 Elite Janissary
44:02 Town Watch
44:43 Bombard Tower
45:50 Two-Man Saw
45:39 Heavy Cavalry Archer
46:53 Parthian Tactics
Connection lost

Rejoining the realm…

Still unreachable

The connection could not be restored.

Session expired

The server has moved on; the page needs a fresh start.